Map: Frozen Temple

Players

Fropez - Winner!

  • Race: Protoss Protoss
  • League: Silver
  • Spawn Location: 5:00

Ifiwereasoup

  • Race: Protoss Protoss
  • League: Silver
  • Spawn Location: 11:00

VOD

Have the link to the VOD?

Description

Time

  • Played on: May 27, 2016, 11:21 a.m.
  • Length: 7:06
Show
View Real Time Build Order
Export as new Build Order

Fropez Protoss - Winner!

Build Orders:  

Get SALT Encoding   

  12  0:01  Probe (Chrono Boost)  
  13  0:16  Pylon  
  13  0:18  Probe (Chrono Boost)  
  14  0:29  Probe (Chrono Boost)  
  15  0:36  Gateway  
  15  0:39  Probe (Chrono Boost)  
  16  0:46  Assimilator  
  17  0:50  Probe (Chrono Boost)  
  17  0:59  Pylon  
  17  1:00  Probe (Chrono Boost)  
  18  1:11  Probe (Chrono Boost)  
  19  1:21  Probe (Chrono Boost)  
  20  1:26  Cybernetics Core  
  20  1:32  Probe (Chrono Boost)  
  21  1:40  Assimilator  
  21  1:42  Probe (Chrono Boost)  
  22  1:53  Probe (Chrono Boost)  
  23  1:58  Gateway  
  23  2:04  Mothership Core (Chrono Boost)  
  23  2:07  Stalker  
  27  2:08  Pylon  
  27  2:13  Warp Gate (Chrono Boost)  
  27  2:23  Probe  
  28  2:35  Probe  
  29  2:40  Stalker  
  31  2:45  Stalker  
  31  2:47  Probe  
  34  2:54  Gateway  
  34  2:59  Probe  
  34  3:02  Forge  
  35  3:11  Probe  
  36  3:21  Stalker  
  38  3:33  Pylon  
  38  3:35  Pylon  
  38  3:51  Stalker  
  35  4:27  Protoss Ground Weapons Level 1 (Chrono Boost)  
  33  4:46  Stalker x2  
  35  4:58  Stalker  
  35  5:05  Mothership Core  
  37  5:13  Stalker  
  37  5:14  Stalker  
  41  5:16  Gateway  
  41  5:26  Probe  
  40  5:34  Stalker  
  40  5:53  Stalker x2  
  40  6:06  Twilight Council  
  40  6:07  Stalker  
  42  6:16  Probe  
  41  6:22  Stalker x2  
  41  6:23  Stalker  
  47  6:28  Probe  
Show
View Real Time Build Order
Export as new Build Order

Ifiwereasoup Protoss 

Build Orders:  

Get SALT Encoding   

  12  0:01  Probe (Chrono Boost)  
  13  0:11  Probe (Chrono Boost)  
  14  0:21  Pylon  
  14  0:22  Probe (Chrono Boost)  
  15  0:39  Probe (Chrono Boost)  
  15  0:41  Gateway  
  17  0:50  Probe (Chrono Boost)  
  17  0:51  Assimilator  
  17  1:00  Probe (Chrono Boost)  
  18  1:11  Probe (Chrono Boost)  
  19  1:12  Pylon  
  19  1:18  Gateway  
  19  1:21  Probe (Chrono Boost)  
  20  1:52  Pylon  
  20  1:56  Assimilator  
  20  2:01  Cybernetics Core  
  20  2:06  Gateway  
  20  2:08  Forge  
  20  2:10  Probe (Chrono Boost)  
  21  2:20  Probe (Chrono Boost)  
  22  2:27  Pylon  
  22  2:42  Gateway  
  22  2:44  Probe (Chrono Boost)  
  23  2:47  Warp Gate (Chrono Boost)  
  23  2:54  Probe (Chrono Boost), Stargate  
  24  3:06  Probe  
  25  3:25  Adept  
  26  3:29  Mothership Core  
  28  3:35  Pylon  
  28  3:42  Adept  
  30  3:49  Pylon  
  28  4:24  Stalker x3  
  28  4:47  Probe  
  27  5:22  Gateway  
  25  5:38  Stalker x3  
  27  5:52  Stalker  
  23  6:07  Adept x3  
  22  6:27  Adept x2  
  22  6:47  Zealot x3  
Tags
 
Matchup
PvP
Replay Pack
All Mines
Spawn Locations
Cross Positions
Add a new tag
Caveats
  • Supply blocks, unpowered buildings, or Contaminate may cause inaccurate times.
  • Supply counts are checked every 10 seconds.